 Dungeon Crawl Stone Soup version 0.20.1-1-g8b1a95d (webtiles) character file.

3251 Monsterracer the Cleaver (level 9, -11/87 HPs)
             Began as a Deep Dwarf Berserker on Aug 12, 2017.
             Was an Elder of Trog.
             Mangled by adept's ghost (15 damage)
             ... on level 8 of the Dungeon.
             The game lasted 00:21:04 (5893 turns).

Monsterracer the Cleaver (Deep Dwarf Berserker)     Turns: 5893, Time: 00:21:05

Health: -11/87     AC: 15    Str: 25    XL:     9   Next: 67%
Magic:  9/9        EV: 10    Int:  7    God:    Trog [****..]
Gold:   330        SH:  0    Dex: 12    Spells: 8/8 levels left

rFire    . . .     SeeInvis .   a - +1 broad axe
rCold    . . .     Gourm    +   (no shield)
rNeg     . . .     Faith    .   q - +0 plate armour
rPois    .         Spirit   .   (no helmet)
rElec    .         Reflect  .   (no cloak)
rCorr    .         Harm     .   u - +0 pair of gloves
MR       +++..                  (no boots)
Stlth    ..........             i - amulet of the gourmand
Regen    1.0/turn               o - +1 ring of protection
MPRegen  0.2/turn               (no ring)

@: berserk cooldown, non-regenerating, slowed, very slow
A: damage resistance, heal wounds, sense surroundings 2, no regeneration
a: Heal Wounds, Berserk, Trog's Hand, Brothers in Arms, Burn Spellbooks,
Renounce Religion


You were on level 8 of the Dungeon.
You worshipped Trog.
Trog was greatly pleased with you.
You were full.

You visited 1 branch of the dungeon, and saw 8 of its levels.

You collected 330 gold pieces.

Inventory:

Hand Weapons
 a - a +1 broad axe (weapon)
 b - a +0 whip of freezing
Missiles
 n - a throwing net (quivered)
Armour
 q - a +0 plate armour (worn)
 u - a +0 pair of gloves (worn)
Jewellery
 i - an amulet of the gourmand (around neck)
 o - a +1 ring of protection (left hand)
Wands
 r - a wand of acid (3/15)
 x - a wand of iceblast (8/15)
Scrolls
 d - 4 scrolls of blinking
 h - 4 scrolls of remove curse
 p - a scroll of fog
 t - 2 scrolls of fear
 v - 5 scrolls of teleportation
 y - a scroll of silence
Potions
 e - a potion of cancellation
 g - 3 potions of haste
 j - a potion of curing
 k - 2 potions of heal wounds
 s - a potion of degeneration {unknown}
 w - a potion of magic {unknown}
 z - a potion of agility {unknown}
Comestibles
 c - 2 bread rations
 f - 6 fruits
 l - a royal jelly
 m - 4 meat rations


   Skills:
 * Level 7.7 Fighting
 * Level 9.5 Axes
 + Level 6.3 Armour
 + Level 6.4 Dodging


You had 8 spell levels left.
You didn't know any spells.

Dungeon Overview and Level Annotations

Branches:
Dungeon (8/15)             Temple (0/1) D:4
   Lair: D:8-11

Altars:
Ashenzari
Fedhas
Gozag
Hepliaklqana
Okawaru
Qazlal
Sif Muna
Vehumet
Xom

Annotations:
D:8 adept's ghost, novice GrBe


Innate Abilities, Weirdness & Mutations

You are resistant to damage.
You can heal yourself by infusing magical energy.
You passively map the area around you.
You do not regenerate.


Message History

* * * LOW HITPOINT WARNING * * *
Huge Dmg: -3%(-4hp) hp: 5%(6hp)
Your plate armour prevents you from hitting adept's ghost.
Adept's ghost is heavily damaged.
Adept's ghost hits you.
Unknown command.
Unknown command.
You barely miss adept's ghost.
Adept's ghost is heavily damaged.
You are no longer berserk.
You are exhausted.
You feel yourself slow down. Adept's ghost hits you.
* * * LOW HITPOINT WARNING * * *
Huge Dmg: -4%(-4hp) hp: 3%(2hp) Unknown command.
Your skin crawls.
You feel resistant to hostile enchantments.
Adept's ghost hits you!!
You die...

*#.#.# * ..
#.#.#### **
#. *#......#
* #. *,
#..<...# ,#.
, #......# #
#. #......#*
#.#.###
#.###+#...
#.....# #.#
##,
#....@####.#*
, *,*
#...W††....#
*
#..$..######
#.....# ,
#.....# ** *,
#...... , ,
#.##... ,, ,*
#. #....,, ,
*, * *, #,
#.... ,,,, ,
,*


You could see adept's ghost.

Vanquished Creatures
  Pikel (D:5)
  Joseph (D:7)
  The ghost of bli the Shield-Bearer, an amateur FoFi of Uskayaw (D:6)
  Sigmund (D:4)
  A hungry ghost (D:7)
  Edmund (D:6)
  Duvessa (D:7)
  2 phantoms
  A slave (D:5)
  2 ogres
  A centaur (D:6)
  Dowan (D:7)
  4 scorpions
  3 howler monkeys
  2 crimson imps
  A bullfrog skeleton (D:4)
  4 hounds
  2 orc priests (D:6)
  A jelly (D:5)
  7 orc wizards
  Natasha (thrice) (D:2)
  3 worker ants
  A worker ant zombie (D:7)
  Robin (D:4)
  8 gnolls
  15 adders
  A river rat (D:3)
  5 worms
  A dart slug (D:1)
  5 leopard geckos
  22 orcs
  2 bat zombies (D:1)
  A giant cockroach (D:3)
  13 goblins
  7 hobgoblins
  8 jackals
  3 quokkas
  3 ball pythons
  6 bats
  3 frilled lizards
  A jackal skeleton (D:5)
  6 kobolds
  A leopard gecko skeleton (D:5)
  13 rats
170 creatures vanquished.

Notes
Turn   | Place    | Note
-------+----------+-------------------------------------------
     0 | D:1      | Monsterracer the Deep Dwarf Berserker began the quest for the Orb.
     0 | D:1      | Reached XP level 1. HP: 20/20 MP: 1/1
   143 | D:1      | Reached XP level 2. HP: 22/27 MP: 2/2
   779 | D:1      | Reached ** piety under Trog
   803 | D:1      | Reached XP level 3. HP: 22/34 MP: 3/3
  1094 | D:2      | Noticed Natasha
  1095 | D:2      | HP: 15/34 [Natasha/magic dart (6)]
  1097 | D:2      | Killed Natasha
  1097 | D:2      | Reached skill level 4 in Axes
  1106 | D:2      | Noticed Natasha
  1106 | D:2      | HP: 16/34 [Natasha/magic dart (5)]
  1113 | D:2      | HP: 13/34 [white imp/puff of frost[Natasha] (4)]
  1114 | D:2      | Killed Natasha
  1114 | D:2      | Reached XP level 4. HP: 16/42 MP: 4/4
  1118 | D:2      | Found a shimmering altar of Xom.
  1202 | D:2      | Noticed Natasha
  1208 | D:2      | Killed Natasha
  1485 | D:2      | Reached XP level 5. HP: 34/50 MP: 5/5
  1528 | D:2      | Found an iron altar of Okawaru.
  2056 | D:3      | HP: 25/50 [goblin (2)]
  2138 | D:3      | HP: 23/50 [adder (2)]
  2343 | D:3      | Found a faded altar of an unknown god.
  2408 | D:3      | Found a deep blue altar of Sif Muna.
  2444 | D:3      | Found a hazy altar of Hepliaklqana.
  2596 | D:3      | HP: 22/50 [hobgoblin/club (1)]
  2598 | D:3      | Reached *** piety under Trog
  2679 | D:3      | HP: 19/50 [adder (2)]
  2808 | D:3      | Reached skill level 5 in Axes
  2810 | D:3      | HP: 14/50 [river rat (5)]
  3132 | D:4      | Found a staircase to the Ecumenical Temple.
  3186 | D:4      | Found a radiant altar of Vehumet.
  3209 | D:4      | Noticed Robin
  3209 | D:4      | HP: 25/50 [goblin/dagger[Robin] (1)]
  3222 | D:4      | Killed Robin
  3310 | D:4      | Reached XP level 6. HP: 57/57 MP: 6/6
  3338 | D:4      | Noticed Sigmund
  3344 | D:4      | Killed Sigmund
  3516 | D:4      | Reached XP level 7. HP: 38/66 MP: 7/7
  3883 | D:4      | Reached skill level 5 in Fighting
  3883 | D:4      | Reached skill level 6 in Axes
  3922 | D:5      | Entered Level 5 of the Dungeon
  3942 | D:5      | Found a shattered altar of Ashenzari.
  4091 | D:5      | Found an opulent altar of Gozag.
  4117 | D:5      | Found a blossoming altar of Fedhas.
  4399 | D:5      | Noticed Pikel
  4411 | D:5      | Killed Pikel
  4411 | D:5      | Reached skill level 7 in Axes
  4411 | D:5      | Reached skill level 5 in Dodging
  4411 | D:5      | Reached XP level 8. HP: 75/76 MP: 8/8
  4482 | D:5      | HP: 49/114 [ogre/giant spiked club (26)]
  4607 | D:5      | HP: 32/76 [worker ant (1)]
  4625 | D:6      | HP: 30/76 [centaur/arrow (2)]
  4629 | D:6      | Reached skill level 5 in Armour
  4634 | D:6      | HP: 45/117 [orc/hand axe (1)]
  4768 | D:6      | Reached **** piety under Trog
  4768 | D:6      | Reached skill level 8 in Axes
  4825 | D:6      | Noticed Edmund
  4826 | D:6      | Noticed bli's ghost (amateur FoFi)
  4856 | D:6      | Killed Edmund
  4861 | D:6      | HP: 55/117 [bli's ghost (8)]
  4866 | D:6      | Killed bli's ghost
  4866 | D:6      | Gained mutation: You passively map the area around you. [Deep Dwarf growth]
  4866 | D:6      | Reached XP level 9. HP: 58/85 MP: 9/9
  4993 | D:6      | HP: 38/85 [orc/hand axe (1)]
  5293 | D:7      | Noticed Joseph
  5293 | D:7      | HP: 28/86 [Joseph/sling bullet (5)]
  5304 | D:7      | HP: 40/129 [Joseph/uncursed quarterstaff (2)]
  5311 | D:7      | HP: 31/129 [Joseph/uncursed quarterstaff (6)]
  5312 | D:7      | Killed Joseph
  5477 | D:7      | Reached skill level 9 in Axes
  5504 | D:7      | Found a stormy altar of Qazlal.
  5608 | D:7      | Noticed Dowan
  5610 | D:7      | Noticed Duvessa
  5615 | D:7      | Killed Duvessa
  5615 | D:7      | Killed Dowan
  5865 | D:8      | Noticed adept's ghost (novice GrBe)
  5872 | D:8      | HP: 57/129 [adept's ghost (12)]
  5882 | D:8      | HP: 36/130 [adept's ghost (11)]
  5887 | D:8      | HP: 10/130 [adept's ghost (13)]
  5892 | D:8      | HP: 2/87 [adept's ghost (2)]
  5893 | D:8      | Mangled by adept's ghost

Skill      XL: |  1  2  3  4  5  6  7  8  9 |
---------------+----------------------------+-----
Fighting       | 3 4 6 7 |  7.7
Axes           | 4 5 7 8 9 |  9.5
Dodging        | 3 4 5 6 |  6.4
Armour         | 3 4 5 6 |  6.3

Action                   |  1- 3 |  4- 6 |  7- 9 || total
-------------------------+-------+-------+-------++-------
Melee: Hand axe          |    94 |    27 |       ||   121
       Broad axe         |       |   155 |   292 ||   447
Invok: Berserk           |     1 |     4 |    10 ||    15
       Trog's Hand       |     1 |     3 |     5 ||     9
  Use: Scroll            |       |     8 |     9 ||    17
  Eat: Chunk             |     2 |    13 |    28 ||    43
       Bread ration      |       |       |     2 ||     2
Armor: Animal skin       |    18 |       |       ||    18
       Chain mail        |    21 |    99 |    61 ||   181
       Plate armour      |       |       |   126 ||   126
Dodge: Dodged            |    63 |   109 |   152 ||   324
